 Dungeon Crawl Stone Soup version 0.30.0-19-g36f170ea60 (webtiles) character file.

Game seed: 7372943731629537245

6680 CaptainMV the Cruncher (level 10, -1/86 HPs)
             Began as a Pale Draconian Wanderer on June 1, 2023.
             Was an Initiate of Yredelemnul.
             Slain by a vampire (3 damage)
             ... on level 10 of the Dungeon.
             The game lasted 00:59:34 (5967 turns).

CaptainMV the Cruncher (Pale Draconian Wanderer)    Turns: 5967, Time: 00:59:34

Health: -1/86      AC: 10    Str: 22    XL:     10   Next: 73%
Magic:  12/12      EV: 14    Int:  9    God:    Yredelemnul [......]
Gold:   393        SH:  0    Dex: 14    Spells: 11/12 levels left

rFire   + . .        b - +4 dagger (venom)
rCold   x . .        (no shield)
rNeg    . . .        (body armour unavailable)
rPois   .            h - +1 hat
rElec   .            j - +0 cloak
rCorr   +            (no gloves)
SInv    .            t - +0 pair of boots
Will    ++...        n - amulet of regeneration
Stlth   ++           l - ring of Guheokoc {rF+ rC- Will++ Str+5}
HPRegen 1.14/turn    q - ring of resist corrosion
MPRegen 0.13/turn

%: no passive effects
@: no status effects
A: breathe steam, AC +7, unfitting armour, cold-blooded, steam resistance,
clumsy 1
a: Breathe Steam, Renounce Religion, Recall Undead Harvest


You were on level 10 of the Dungeon.
You worshipped Yredelemnul.
Yredelemnul was noncommittal.
You visited 2 branches of the dungeon, and saw 10 of its levels.

You collected 393 gold pieces.

Inventory:

Hand Weapons
 a - a +1 longbow
 b - a +4 dagger of venom (weapon)
 g - a +4 long sword of distortion
 i - a +4 quarterstaff of chaos
Armour
 h - a +1 hat (worn)
 j - a +0 cloak (worn)
 t - a +0 pair of boots (worn)
Jewellery
 l - the ring of Guheokoc (left hand) {rF+ rC- Will++ Str+5}
   (You found it on level 2 of the Dungeon)

   [ring of protection from fire]

   Str:       It affects your strength (+5).
   rF:        It protects you from fire.
   rC:        It makes you vulnerable to cold.
   Will:      It greatly increases your willpower.
 n - an amulet of regeneration (around neck)
 p - a ring of positive energy
 q - a ring of resist corrosion (right hand)
 u - a ring of protection from cold
Wands
 v - a wand of flame (8)
Scrolls
 c - 2 scrolls of fog
 m - 3 scrolls of magic mapping
 r - 4 scrolls of immolation
 s - 2 scrolls of fear
 w - 2 scrolls of identify
 y - a scroll of noise {unknown}
Potions
 f - a potion of invisibility {unknown}
 k - a potion of brilliance
 o - 2 potions of curing
Miscellaneous
 d - a piece from Xom's chessboard (15/15) (quivered)


   Skills:
 + Level 7.3 Fighting
 + Level 3.6(4.1) Short Blades
 + Level 2.6(3.5) Long Blades
 + Level 8.0 Staves
 + Level 7.0 Ranged Weapons
 + Level 1.0 Throwing
 + Level 6.0 Dodging
 + Level 3.4 Stealth
 + Level 5.4 Unarmed Combat
 + Level 1.9 Spellcasting
 + Level 2.7 Necromancy
 + Level 2.3 Evocations


You had 11 spell levels left.
You knew the following spells:

 Your Spells              Type           Power      Damage    Failure   Level
a - Necrotise             Necr           20%        1d5       11%         1

Your spell library contained the following spells:

 Spells                   Type           Power      Damage    Failure   Level
 Vampiric Draining        Necr           5%         2d6       32%         3
 Slow                     Hex            0%         N/A       34%         1
 Lesser Beckoning         Tloc           0%         N/A       45%         2
 Gell's Gravitas          Tloc           0%         N/A       71%         3
 Summon Guardian Golem    Hex/Summ       0%         N/A       71%         3
 Teleport Other           Tloc           0%         N/A       71%         3
 Agony                    Necr           5%         N/A       97%         5
 Silence                  Hex/Air        0%         N/A       100%        5


Dungeon Overview and Level Annotations

Branches:
Dungeon (10/15)            Temple (1/1) D:5             Orc (0/2) D:10
   Lair: D:8-11

Altars:
Ashenzari
Cheibriados
Dithmenos
Elyvilon
Fedhas
Gozag
Hepliaklqana
Kikubaaqudgha
Makhleb
Nemelex Xobeh
Okawaru
Qazlal
Ru
Trog
Uskayaw
Vehumet
Wu Jian
Xom
Yredelemnul
Zin
The Shining One

Shops:
D:5 !   D:7 [


Innate Abilities, Weirdness & Mutations

You can breathe blasts of scalding, opaque steam.
Your pale cyan-grey scales are hard. (AC +7)
You cannot fit into any form of body armour.
You are cold-blooded and may be slowed by cold attacks.
You are immune to the effects of steam.
You are clumsy. (Dex -2)


Message History

You closely miss something.
Your transformation is almost over.
You hit something. Something hits you.
* * * LOW HITPOINT WARNING * * *
Something bites you but does no damage.
You feel better. Something hits you!
* * * LOW HITPOINT WARNING * * *
Something bites you but does no damage.
You feel better. Something hits you!
* * * LOW HITPOINT WARNING * * *
Something bites you but does no damage.
You hit something but do no damage. Something hits you.
* * * LOW HITPOINT WARNING * * *
Something bites you but does no damage.
You miss something. Something hits you.
* * * LOW HITPOINT WARNING * * *
Something bites you but does no damage.
You miss something. You hit something. Something hits you but does no damage.
Something bites you but does no damage.
You miss something. Something hits you but does no damage.
Something bites you but does no damage.
You miss something. Something hits you but does no damage.
Something bites you but does no damage.
You barely miss something. Something hits you.
* * * LOW HITPOINT WARNING * * *
Something bites you but does no damage.
You hit something but do no damage. You closely miss something.
You feel less wooden.
Your +0 cloak unmelds from your body.
Your +1 hat unmelds from your body.
Your +0 pair of boots unmelds from your body.
Something hits you.
* * * LOW HITPOINT WARNING * * *
Something bites you.
* * * LOW HITPOINT WARNING * * *
Something draws strength from your injuries!
Something hits you.
You die...
Your body rises from the dead as a mindless zombie.

#.........#.#...#.
..#. ##
#.........#.#...#.
#...# .
#.........#.##...##.#
# .#
###########.##...##.
# . #.##...## #
#######.##...#
........# .#
.......Z# ..#
#######@##...#
#Z{...# #......#
#......# ...)....#
.##.....#.#
..........##.#
..........# #.#
..........# #.####


You could see 2 friendly orc zombies.

Vanquished Creatures
  A cyclops (shapeshifter) (D:10)
  Maggie (D:6)
  A hornet (D:9)
  Prince Ribbit (D:6)
  Grinder (D:4)
  Sigmund (D:5)
  14 yaks
  A vampire mosquito (D:10)
  A warg (D:10)
  An acid dragon (D:9)
  An ice beast (D:7)
  3 orc warriors
  An ogre (D:5)
  3 centaurs
  A phantom (D:5)
  A kobold brigand (D:9)
  5 scorpions
  3 killer bees (D:10)
  5 howler monkeys
  3 hounds
  4 orc priests
  A jelly (D:6)
  Crazy Yiuf (D:6)
  2 sleepcaps
  4 iguanas
  12 orc wizards
  A howler monkey zombie (D:10)
  7 adders
  A gnoll (D:1)
  A river rat (D:6)
  An ufetubus (D:4)
  3 worms (D:3)
  2 dart slugs (D:1)
  24 orcs
  7 ball pythons
  5 endoplasms
  2 giant cockroaches
  4 hobgoblins
  11 jackals
  10 kobolds
  5 quokkas
  4 bats
  4 frilled lizards
  7 goblins
  9 rats
181 creatures vanquished.

Vanquished Creatures (collateral kills)
  A yak (D:9)
  An orc warrior (D:10)
  A bullfrog (D:6)
  3 killer bees (D:10)
  An orc priest (D:10)
  5 orcs (D:10)
  4 kobolds (D:9)
  2 ball pythons (D:6)
  A rat (D:6)
19 creatures vanquished.

Vanquished Creatures (others)
  A vampire mosquito zombie (D:10)
  A cyclops zombie (D:10)
  A warg zombie (D:10)
  4 yak zombies
  A bullfrog zombie (D:6)
  4 killer bee zombies (D:10)
  An acid dragon zombie (D:9)
  A howler monkey zombie (D:7)
  2 adder zombies (D:6)
  An iguana zombie (D:6)
  16 orc zombies
  2 ball python zombies (D:6)
  6 kobold zombies (D:9)
41 creatures vanquished.

Grand Total: 241 creatures vanquished

Notes
Turn   | Place    | Note
-------+----------+-------------------------------------------
     0 | D:1      | CaptainMV the Draconian Wanderer began the quest for the
                  | Orb.
     0 | D:1      | CaptainMV set off with the following items: a +0
                  | quarterstaff, a scroll of fear, a scroll of blinking, a
                  | piece from Xom's chessboard (15/15), a potion of haste.
     0 | D:1      | Reached XP level 1. HP: 16/16 MP: 1/1
    70 | D:1      | Reached XP level 2. HP: 23/23 MP: 2/2
   159 | D:1      | Found a faded altar of an unknown god.
   477 | D:1      | Reached skill level 2 in Staves
   507 | D:1      | Reached XP level 3. HP: 28/28 MP: 3/3
  1028 | D:2      | Identified the ring of Guheokoc {rF+ rC- Will++ Str+5}
  1307 | D:3      | Reached skill level 1 in Ranged Weapons
  1307 | D:3      | Reached XP level 4. HP: 31/35 MP: 4/4
  1412 | D:3      | Found a sparkling altar of Nemelex Xobeh.
  1425 | D:3      | Reached skill level 1 in Dodging
  1950 | D:4      | Found a glowing golden altar of the Shining One.
  1950 | D:4      | Found a glowing silver altar of Zin.
  1951 | D:4      | Found a white marble altar of Elyvilon.
  1967 | D:4      | Reached XP level 5. HP: 14/41 MP: 5/5
  2057 | D:4      | Reached skill level 3 in Staves
  2213 | D:4      | Noticed Grinder
  2222 | D:4      | Killed Grinder
  2223 | D:4      | Reached skill level 4 in Staves
  2223 | D:4      | Reached XP level 6. HP: 40/50 MP: 6/6
  2402 | D:4      | Found a bloodstained altar of Trog.
  2402 | D:4      | Found an iron altar of Okawaru.
  2493 | D:5      | Entered Level 5 of the Dungeon
  2578 | D:5      | Found Pikos's Distillery.
  2586 | D:5      | Reached skill level 1 in Stealth
  2601 | D:5      | Your scales start taking on a pale cyan-grey colour.
  2601 | D:5      | Reached XP level 7. HP: 14/57 MP: 7/7
  2601 | D:5      | Gained mutation: You are immune to the effects of steam.
                  | [Pale Draconian growth]
  2616 | D:5      | Found a staircase to the Ecumenical Temple.
  2623 | D:5      | Reached skill level 5 in Staves
  2646 | D:5      | Noticed Sigmund
  2661 | Temple   | Entered the Ecumenical Temple
  2705 | Temple   | Learned a level 1 spell: Necrotise
  2709 | Temple   | Became a worshipper of Yredelemnul the Dark
  2788 | D:5      | Reached * piety under Yredelemnul
  3056 | D:5      | Found an opulent altar of Gozag.
  3059 | D:5      | Found an ancient bone altar of Kikubaaqudgha.
  3061 | D:5      | Found a shadowy altar of Dithmenos.
  3096 | D:5      | Reached XP level 8. HP: 66/66 MP: 8/8
  3123 | D:5      | Killed Sigmund
  3124 | D:5      | Reached skill level 6 in Staves
  3124 | D:5      | Reached skill level 1 in Spellcasting
  3124 | D:5      | Reached skill level 1 in Necromancy
  3326 | D:6      | Got the Incunabulum of Fey Misery
  3390 | D:6      | Noticed Maggie
  3432 | D:6      | Killed Maggie
  3540 | D:6      | Reached skill level 1 in Long Blades
  3570 | D:6      | Noticed Prince Ribbit
  3581 | D:6      | Killed Prince Ribbit
  3582 | D:6      | Reached skill level 5 in Fighting
  3582 | D:6      | Reached XP level 9. HP: 45/74 MP: 11/11
  3602 | D:6      | Found a runed translucent door.
  3603 | D:6      | Noticed Crazy Yiuf
  3611 | D:6      | Killed Crazy Yiuf
  3624 | D:6      | Gained mutation: You are clumsy. (Dex -2) [mutagenic glow]
  4378 | D:7      | Found Wuducaja's Antique Armour Shoppe.
  4451 | D:7      | You fall into a shaft and drop 2 floors!
  4525 | D:9      | Reached skill level 5 in Ranged Weapons
  4525 | D:9      | Reached ** piety under Yredelemnul
  4615 | D:9      | Reached skill level 7 in Staves
  5025 | D:9      | Reached XP level 10. HP: 83/83 MP: 12/12
  5118 | D:10     | Entered Level 10 of the Dungeon
  5118 | D:10     | Found a staircase to the Orcish Mines.
  5147 | D:10     | Reached skill level 8 in Staves
  5267 | D:10     | Reached skill level 1 in Short Blades
  5366 | D:10     | Reached skill level 5 in Dodging
  5395 | D:10     | Noticed a manticore
  5415 | D:10     | Noticed a mana viper
  5418 | D:10     | a mana viper changed into a cyclops
  5418 | D:10     | Noticed a cyclops (shapeshifter)
  5429 | D:10     | Killed a cyclops
  5707 | D:10     | Reached *** piety under Yredelemnul
  5966 | D:10     | HP: 2/86 [something (4)]
  5967 | D:10     | Slain by a vampire

Illustrated notes

Levels and vault maps discovered:
D:1:      matt_arrival_grand_opening, layout_basic,
          hellmonk_ecumenical_altar_heavens_door
D:2:      layout_basic
D:3:      layout_basic, mainiacjoe_overflow_concentric_impassable
D:4:      layout_basic, grunt_temple_overflow_bloody_war, good_gods_mini_temple,
          minivault_19, uniq_grinder
D:5:      layout_rooms, minitemple, minmay_temple_entry_large_hall,
          serial_shops, kennysheep_little_box, uniq_sigmund, uniq_ijyb
D:6:      layout_basic, portal_sewer_entry_e, uniq_crazy_yiuf_cottage,
          uniq_prince_ribbit1, uniq_maggie
D:7:      statuecave_lemuel, layout_basic, serial_shops, shop
D:9:      minmay_cornered_nines, layout_loops_ring
D:10:     minmay_ornate_pinched, layout_basic, marbit_many_paths, david_orc_3,
          patterned_corridor
Temple:   nicolae_temple_ecumenical_triangle

Skill      XL: |  1  2  3  4  5  6  7  8  9 10 |
---------------+-------------------------------+-----
Staves         | 2 4 5 6 7 8 |  8.0
Ranged Weapons | 1 2 3 4 5 7 |  7.0
Dodging        | 1 2 3 4 6 |  6.0
Fighting       | 2 3 5 6 7 |  7.3
Stealth        | 1 2 3 |  3.4
Spellcasting   | 1 |  1.9
Necromancy     | 1 2 |  2.7
Long Blades    | 1 2 |  2.6
Short Blades   | 3 |  3.6
Throwing       | |  1.0
Unarmed Combat | |  5.4
Evocations     | |  2.3

Action                     |  1- 3 |  4- 6 |  7- 9 | 10-12 || total
---------------------------+-------+-------+-------+-------++-------
  Melee: Quarterstaff      |   120 |   122 |   155 |       ||   397
         Tailslap          |     8 |    21 |    30 |    42 ||   101
         Long sword        |       |       |    21 |       ||    21
         Punch             |       |       |     2 |     9 ||    11
         Dagger            |       |       |    33 |   239 ||   272
   Fire: Longbow           |    27 |    27 |    51 |    18 ||   123
   Cast: Necrotise         |       |       |    15 |       ||    15
Ability: Breathe Steam     |       |       |     3 |     1 ||     4
  Evoke: Piece from Xom's  |       |       |     4 |       ||     4
    Use: Scroll            |     4 |     7 |     5 |     1 ||    17
         Potion            |       |     1 |     8 |     6 ||    15
   Stab: Sleeping          |     1 |     1 |     1 |     1 ||     4
         Paralysed         |       |       |     1 |       ||     1
         Distracted        |       |       |     1 |       ||     1
         Petrified         |       |       |     2 |       ||     2
 Armour: Skin              |    72 |    56 |    90 |    89 ||   307
  Dodge: Dodged            |    70 |    73 |   147 |   119 ||   409
